 Dungeon Crawl Stone Soup version 0.25.1-8-g42b30a86e7 (webtiles) character file.

Game seed: 8108596332560783764

125 KamiKatze the Firebug (level 4, 0/25 HPs)
             Began as a Deep Elf Fire Elementalist on Dec 8, 2020.
             Slain by an iguana (11 damage)
             ... on level 3 of the Dungeon.
             The game lasted 00:14:07 (2050 turns).

KamiKatze the Firebug (Deep Elf Fire Elementalist)  Turns: 2050, Time: 00:14:08

Health: 0/25       AC:  3    Str:  5    XL:     4   Next: 82%
Magic:  8/11       EV: 13    Int: 21    God:
Gold:   125        SH:  0    Dex: 15    Spells: 2/10 levels left

rFire    . . .     SeeInvis .   e - +0 dagger
rCold    . . .     Gourm    .   (no shield)
rNeg     . . .     Faith    .   a - +0 robe
rPois    .         Spirit   .   (no helmet)
rElec    .         Reflect  .   (no cloak)
rCorr    .         Harm     .   o - +0 pair of gloves
MR       .....                  (no boots)
Stlth    ++........             (no amulet)
HPRegen  0.08/turn              (no ring)
MPRegen  0.12/turn              (no ring)

@: no status effects
A: no striking features
a: no special abilities


You were on level 3 of the Dungeon.
You were not hungry.

You visited 1 branch of the dungeon, and saw 3 of its levels.

You collected 125 gold pieces.

Inventory:

Hand Weapons
 e - a +0 dagger (weapon)
 g - a +0 spear
 l - a +0 long sword
Armour
 a - a +0 robe (worn)
 o - a +0 pair of gloves (worn)
 q - a +0 ring mail
Scrolls
 f - a scroll of remove curse {unknown}
 h - a scroll of amnesia {unknown}
 i - a scroll of teleportation {unknown}
 j - a scroll of random uselessness {unknown}
 k - 2 scrolls of magic mapping
Potions
 m - a potion of degeneration {unknown}
 n - a potion of brilliance {unknown}
Comestibles
 b - 8 chunks of flesh
 c - 2 rations


   Skills:
 + Level 1.0 Fighting
 + Level 3.0 Dodging
 + Level 3.2 Stealth
 + Level 3.6 Spellcasting
 * Level 2.7 Conjurations
 * Level 4.2 Fire Magic


You had 2 spell levels left.
You knew the following spells:

 Your Spells              Type           Power        Failure   Level  Hunger
a - Foxfire               Conj/Fire      ###.         3%          1    None
b - Conjure Flame         Conj/Fire      ###.....     9%          3    ###....
c - Sticky Flame          Conj/Fire      ###.....     30%         4    ####...

Your spell library contained the following spells:

 Spells                   Type           Power        Failure   Level  Hunger
 Inner Flame              Hex/Fire       ##......     16%         3    ###....
 Fireball                 Conj/Fire      ###.......   63%         5    ######.


Dungeon Overview and Level Annotations

Branches:
Dungeon (3/15)

Altars:
Gozag


Message History

Unknown command.
You feel a little less mighty now.
The goblin no longer looks unusually strong.
The hobgoblin no longer looks unusually strong.
The goblin closely misses you. The hobgoblin barely misses you.
Items here: ) [[ † a +0 short sword; a +0 animal skin; a +0 helmet; the hobgoblin corpse of Robin The hobgoblin barely misses you.
The hobgoblin hits you but does no damage.
A hobgoblin comes into view. It is wielding a +0 club.
A goblin comes into view.
You see here a mace.
The hobgoblin barely misses you.
An iguana comes into view.
Found a stone staircase leading down.
The iguana hisses angrily.
You hit the hobgoblin but do no damage.
The hobgoblin is severely wounded.
The iguana bites you!
You die...

*,,,,,,,,,,,,,,,,,,,*************
*,,,,,,,,,,,,**#>.,,,,,,,,,,,,,,,
*,,,,,,,,,,,,* #.#***************
*,,,,,,,,,,,,* #.#*,,,,,,,,,,,,,*
*******,****** #.#*,,,,,,,,,,,,,*
####+##### #.##,,,,,,,,,,,,,*
#........# #..'.........,,,,,
#).......# #l##g.g......,,,,,
#.....†..# #@##.........,,,,,
#....?)..## #g##.........,,,,,
#.....)...# #g##!........,,,,,
####.#....###g##.........,,,,,
#.+....g.g.##g........,,,,,
###....###g...........,,,,,
#.........[...######****,
#####.##......#####*** *,
#.####....g....,,* *,


You could see an iguana, 3 hobgoblins and 2 goblins.

Vanquished Creatures
  Robin (D:3)
  2 gnolls (D:2)
  2 adders
  2 worms (D:2)
  2 dart slugs (D:1)
  2 leopard geckos
  7 bats
  3 giant cockroaches
  9 goblins
  5 hobgoblins
  6 jackals
  6 kobolds
  4 quokkas (D:2)
  4 frilled lizards (D:2)
  11 rats
66 creatures vanquished.

Vanquished Creatures (others)
  144 foxfires
  A plant (D:2)
145 creatures vanquished.

Grand Total: 211 creatures vanquished

Notes
Turn   | Place    | Note
-------+----------+-------------------------------------------
     0 | D:1      | KamiKatze the Deep Elf Fire Elementalist began the quest
                  | for the Orb.
     0 | D:1      | Reached XP level 1. HP: 10/10 MP: 6/6
   219 | D:1      | Reached XP level 2. HP: 15/15 MP: 5/8
   523 | D:1      | Reached XP level 3. HP: 20/20 MP: 7/9
   846 | D:2      | Learned a level 3 spell: Conjure Flame
  1246 | D:2      | Found an opulent altar of Gozag.
  1259 | D:2      | Reached skill level 4 in Fire Magic
  1259 | D:2      | Reached XP level 4. HP: 24/24 MP: 7/11
  1275 | D:2      | Learned a level 4 spell: Sticky Flame
  1961 | D:3      | Noticed Robin
  1987 | D:3      | Reached skill level 1 in Fighting
  2027 | D:3      | Killed Robin
  2050 | D:3      | Slain by an iguana

Illustrated notes

Levels and vault maps discovered:
D:1:      lemuel_arrival_room, layout_loops_ring
D:2:      wad_woods_stonehenge, layout_basic
D:3:      layout_basic, uniq_robin

Skill      XL: |  1  2  3  4 |
---------------+-------------+-----
Conjurations   | 2 |  2.7
Fire Magic     | 4 |  4.2
Stealth        | 3 |  3.2
Dodging        | 3 |  3.0
Fighting       | 1 |  1.0
Spellcasting   | |  3.6

Action                   |  1- 3 |  4- 6 || total
-------------------------+-------+-------++-------
Melee: Dagger            |     5 |    23 ||    28
 Cast: Foxfire           |    63 |    27 ||    90
       Conjure Flame     |       |     1 ||     1
  Use: Potion            |       |     3 ||     3
       Scroll            |       |     1 ||     1
 Stab: Sleeping          |     2 |       ||     2
  Eat: Chunk             |     1 |     2 ||     3
Armor: Robe              |     3 |     7 ||    10
Dodge: Dodged            |    12 |    31 ||    43
